Map: Pillars of Gold LE

Players

JonSnow

  • Race: Zerg Zerg
  • League: Grandmaster
  • Spawn Location: 7:00

Future - Winner!

  • Race: Terran Terran
  • Spawn Location: 1:00

Event: DreamHack SC2 Masters 2020 Winter

VOD

Have the link to the VOD?

Description

Time

  • Played on: Oct. 30, 2020, 3:24 p.m.
  • Length: 6:46

All games in this series

Show
View Real Time Build Order
Export as new Build Order

JonSnow Zerg 

Build Orders: Hatch First 

Get SALT Encoding   

  12  0:01  Drone  
  13  0:12  Overlord  
  13  0:17  Drone  
  14  0:31  Drone x2  
  16  0:50  Hatchery  
  16  0:57  Drone  
  16  0:58  Drone  
  16  1:01  Drone  
  18  1:10  Extractor  
  17  1:17  Spawning Pool  
  16  1:21  Drone  
  16  1:24  Drone  
  18  1:30  Drone  
  19  1:40  Drone  
  20  1:52  Overlord  
  20  2:04  Queen x2  
  20  2:05  Zergling x4  
  26  2:11  Metabolic Boost  
  26  2:15  Zergling x2  
  27  2:18  Drone  
  28  2:39  Drone  
  28  2:40  Hatchery  
  28  2:44  Drone  
  29  2:45  Drone  
  30  2:54  Drone x3  
  33  2:59  Overlord  
  33  3:07  Queen  
  35  3:23  Drone x7  
  42  3:29  Overlord  
  42  3:47  Queen  
  44  3:49  Lair  
  44  3:52  Zergling x12  
  50  3:58  Queen  
  50  4:02  Overlord  
  51  4:04  Extractor  
  51  4:06  Drone x2  
  51  4:07  Drone  
  53  4:10  Overlord  
  53  4:15  Overlord  
  50  4:35  Zergling x20  
  57  4:41  Queen  
  59  4:45  Queen  
  59  4:52  Nydus Network  
  60  5:01  Zergling x10  
  62  5:23  Queen  
  64  5:31  Nydus Canal  
  61  5:37  Zergling x14  
  61  5:39  Zergling x2  
  69  5:55  Nydus Canal  
  69  6:01  Zergling x8  
  69  6:02  Zergling x4  
  67  6:09  Drone x4  
  68  6:14  Drone  
  69  6:19  Nydus Canal  
  69  6:20  Drone x2  
  69  6:21  Drone  
  72  6:28  Drone  
  73  6:33  Drone x4  
Show
View Real Time Build Order
Export as new Build Order

Future Terran - Winner!

Build Orders: Liberator Opening, Reaper Expand 

Get SALT Encoding   

  12  0:00  SCV  
  13  0:12  SCV  
  14  0:18  Supply Depot  
  14  0:25  SCV  
  15  0:39  SCV  
  15  0:40  Barracks  
  16  0:44  Refinery  
  16  0:51  SCV  
  17  1:04  SCV  
  18  1:16  SCV  
  19  1:27  Reaper  
  19  1:28  Orbital Command  
  20  1:41  Command Center  
  20  1:51  Supply Depot  
  20  1:54  SCV  
  21  1:59  Marine  
  22  2:06  SCV  
  23  2:10  Factory  
  23  2:18  SCV, Refinery  
  23  2:22  Barracks Reactor  
  24  2:30  SCV  
  25  2:42  SCV  
  26  2:55  Orbital Command, Starport  
  26  2:56  SCV  
  27  3:06  Hellion x2, Barracks Tech Lab  
  27  3:08  SCV  
  32  3:20  SCV, Supply Depot  
  32  3:21  SCV  
  34  3:27  Hellion  
  34  3:28  Hellion  
  34  3:32  SCV  
  34  3:33  SCV  
  40  3:35  Liberator  
  43  3:44  SCV  
  43  3:45  SCV  
  45  3:49  Hellion x2  
  45  3:50  Supply Depot  
  45  3:55  Stimpack  
  49  3:58  Marine  
  49  4:00  SCV x2  
  52  4:12  SCV x2  
  54  4:17  Command Center  
  54  4:22  Supply Depot  
  54  4:24  SCV x2  
  54  4:30  Factory Tech Lab  
  56  4:36  SCV x2, Marine  
  56  4:37  Starport Reactor  
  59  4:39  Barracks  
  59  4:43  Barracks  
  59  4:48  SCV x2  
  61  4:53  Engineering Bay x2  
  61  4:55  Marine  
  61  4:58  Siege Tank  
  65  5:00  SCV  
  65  5:01  SCV  
  65  5:05  Refinery x2  
  67  5:09  Supply Depot  
  67  5:12  SCV  
  67  5:13  SCV  
  67  5:16  Marine  
  68  5:24  SCV  
  68  5:25  SCV  
  68  5:26  Starport Reactor  
  68  5:27  Marine x2  
  70  5:31  Siege Tank  
  64  5:37  Marine  
  64  5:39  SCV x2  
  64  5:40  Orbital Command  
  67  5:45  Marine  
  68  5:51  SCV  
  68  5:53  Marine x3  
  68  5:54  Marine  
  73  5:59  SCV  
  73  6:03  SCV, Marine  
  76  6:04  Siege Tank  
  76  6:08  Medivac  
  76  6:11  SCV, Marine  
  82  6:15  SCV, Marine x2  
  82  6:16  Marine  
  87  6:23  SCV  
  87  6:24  Supply Depot  
  87  6:25  Supply Depot  
  88  6:27  SCV  
  91  6:46  Armory  
Tags
 
Add a new tag
Caveats
  • Supply blocks, unpowered buildings, or Contaminate may cause inaccurate times.
  • Supply counts are checked every 10 seconds.